 Dungeon Crawl Stone Soup version 0.30-a0-578-gdee14c521f (webtiles) character file.

Game seed: 2944897637204113155

1417 PimpSugar the Magician (level 8, -3/57 HPs)
             Began as a Demonspawn Hedge Wizard on Dec 31, 2022.
             Killed from afar by an acid dragon (21 damage)
             ... with a splash of acid
             ... on level 5 of the Dungeon.
             The game lasted 00:15:27 (4932 turns).

PimpSugar the Magician (Demonspawn Hedge Wizard)    Turns: 4932, Time: 00:15:27

Health: -3/57      AC:  2    Str: 11    XL:     8   Next: 43%
Magic:  15/15      EV: 13    Int: 17    God:
Gold:   267        SH:  0    Dex: 15    Spells: 14/17 levels left

rFire   . . .      SeeInvis .    g - +7 whip (elec)
rCold   . . .      Faith    .    (no shield)
rNeg    . . .      Spirit   .    b - +0 robe
rPois   .          Reflect  .    k - +2 helmet
rElec   .          Harm     .    (no cloak)
rCorr   .          Rampage  .    r - +0 pair of gloves
Will    .....                    (no boots)
Stlth   +++                      (no amulet)
HPRegen 0.29/turn                (no ring)
MPRegen 0.14/turn                (no ring)

@: corroded
A: thin skeletal structure 1, demonic guardian 2, powered by pain 2
a: no special abilities


You were on level 5 of the Dungeon.
You visited 1 branch of the dungeon, and saw 5 of its levels.

You collected 267 gold pieces.

Inventory:

Hand Weapons
 a - a +0 dagger
 g - a +7 whip of electrocution (weapon)
 i - a +0 short sword
 t - a +0 sling
 C - a +0 dagger of draining
 D - a +0 scythe
Missiles
 f - 34 stones (quivered)
 A - 5 poisoned darts
 J - 2 throwing nets
Armour
 b - a +0 robe (worn)
 c - a +0 hat
 k - a +2 helmet (worn)
 r - a +0 pair of gloves (worn)
 y - a +0 scale mail of cold resistance
 z - an orb of wrath
Magical Staves
 I - a staff of conjuration
Wands
 p - a wand of paralysis (1)
 w - a wand of iceblast (11)
Scrolls
 j - 2 scrolls of fear
 o - 2 scrolls of poison
 q - a scroll of acquirement {unknown}
 s - a scroll of noise
 v - a scroll of vulnerability {unknown}
 x - a scroll of amnesia {unknown}
 E - a scroll of torment {unknown}
 G - a scroll of immolation {unknown}
 H - a scroll of fog {unknown}
 K - a scroll of identify
Potions
 d - 2 potions of magic
 e - 3 potions of haste
 h - 2 potions of lignification
 l - a potion of mutation {unknown}
 m - 4 potions of heal wounds
 n - 2 potions of curing {unknown}
 u - 2 potions of attraction {unknown}
 B - a potion of brilliance {unknown}
 F - a potion of flight {unknown}


   Skills:
 + Level 2.9 Fighting
 + Level 3.4 Dodging
 + Level 3.7 Stealth
 * Level 5.2 Spellcasting
 * Level 4.6 Conjurations
 + Level 3.2 Summonings
 + Level 3.0 Translocations
 + Level 2.7 Evocations


You had 14 spell levels left.
You knew the following spells:

 Your Spells              Type           Power      Damage    Failure   Level
a - Magic Dart            Conj           80%        1d7       1%          1
b - Call Imp              Summ           15%        N/A       5%          2

Your spell library contained the following spells:

 Spells                   Type           Power      Damage    Failure   Level
 Kiss of Death            Conj/Necr      48%        2d9       5%          1
 Blink                    Tloc           28%        N/A       6%          2
 Slow                     Hex            16%        N/A       14%         1
 Cigotuvi's Dreadful Rot  Necr/Pois/Air  8%         N/A       22%         2
 Ensorcelled Hibernation  Hex/Ice        8%         N/A       22%         2
 Passwall                 Tmut/Erth      3%         N/A       22%         2
 Mephitic Cloud           Conj/Pois/Air  9%         N/A       22%         3
 Confusing Touch          Hex            4%         N/A       38%         3
 Swiftness                Air            4%         N/A       38%         3
 Dispel Undead            Necr           4%         3d7       80%         4


Dungeon Overview and Level Annotations

Branches:
Dungeon (5/15)
 Temple: D:4-7

Altars:
Ru

Shops:
D:2 [


Innate Abilities, Weirdness & Mutations

You have a somewhat thin skeletal structure. (Dex +2, Stealth+)
A demonic guardian rushes to your aid.
You sometimes gain power by taking damage.


Message History

You hit the phantom. Lightning courses through the phantom!
You destroy the phantom!
Your Translocations skill increases to level 3!
You open the door.
There is an open door here.
You open the door.
There is an open door here.
You see here a +0 mace.
There is an open door here.
You now have 267 gold pieces (gained 8).
There is an open door here.
There is an open door here.
Found a stone staircase leading down.
You open the door.
An acid dragon comes into view.
Found an orange potion.
Found a stone staircase leading up.
There is an open door here.
The helpless acid dragon fails to defend itself.
You whack the acid dragon!
The acid dragon is moderately wounded.
The acid dragon bites you!
The acid dragon claws you but does no damage.
The acid dragon spits acid at you. The splash of acid hits you!!
The acid corrodes you!
You barely miss the acid dragon.
The acid dragon is moderately wounded.
The acid dragon closely misses you.
The acid dragon claws you but does no damage.
You hit the acid dragon.
The acid dragon is heavily wounded.
The acid dragon misses you. The acid dragon claws you.
You hit the acid dragon.
The acid dragon is heavily wounded.
The acid dragon barely misses you. The acid dragon claws you.
You hit the acid dragon.
The acid dragon is severely wounded.
An adder comes into view.
The acid dragon spits acid at you. The splash of acid hits you!!
You die...

....#........
.##.#........
.##.#############
................#
................#
.##..##.........# #
#..##>.##....######
#...#..##....#....#
....#..#.....'@D..#
#....#..#.....#.!.<#
##..###.###+###....#
#.. #.# #....# ...
#....# #....# #....#
#.S..#


You could see an acid dragon (catching breath) and an adder (wandering).

Vanquished Creatures
  Pikel (D:5)
  Sigmund (D:4)
  2 ogres (D:4)
  3 lemures (D:5)
  A phantom (D:5)
  2 necrophages
  2 hounds (D:4)
  An orc priest (D:5)
  A gnoll bouda (D:5)
  An iguana (D:5)
  An orc wizard (D:5)
  Terence (D:3)
  Robin (D:4)
  2 gnolls (D:5)
  8 adders
  A dart slug (D:1)
  3 orcs
  5 ball pythons
  8 endoplasms
  5 giant cockroaches
  17 goblins
  9 hobgoblins
  2 jackals (D:1)
  5 kobolds
  4 quokkas
  4 bats
  4 frilled lizards
  4 rats (D:1)
99 creatures vanquished.

Vanquished Creatures (collateral kills)
  An adder (D:3)
  2 gnolls (D:5)
  A ball python (D:3)
  A goblin (D:4)
5 creatures vanquished.

Grand Total: 104 creatures vanquished

Notes
Turn   | Place    | Note
-------+----------+-------------------------------------------
     0 | D:1      | PimpSugar the Demonspawn Hedge Wizard began the quest for
                  | the Orb.
     0 | D:1      | Reached XP level 1. HP: 13/13 MP: 4/4
    38 | D:1      | Reached skill level 1 in Translocations
   185 | D:1      | Gained mutation: You sometimes gain a little power by
                  | taking damage. [demonic ancestry]
   185 | D:1      | Reached XP level 2. HP: 19/19 MP: 4/6
   244 | D:1      | Learned a level 2 spell: Call Imp
   636 | D:1      | Gained mutation: You have a somewhat thin skeletal
                  | structure. (Dex +2, Stealth+) [demonic ancestry]
   636 | D:1      | Reached XP level 3. HP: 25/25 MP: 7/7
  1367 | D:2      | Found a faded altar of an unknown god.
  1769 | D:2      | Found a sacrificial altar of Ru.
  2077 | D:2      | Found Iciydaek's Armour Shoppe.
  2282 | D:3      | Reached skill level 1 in Fighting
  2282 | D:3      | Reached XP level 4. HP: 18/32 MP: 2/9
  2570 | D:3      | Found a sacrificial altar of Ru.
  2850 | D:3      | Noticed Terence
  2878 | D:3      | Killed Terence
  3566 | D:4      | Noticed Robin
  3569 | D:4      | Noticed an ogre
  3583 | D:4      | Killed Robin
  3584 | D:4      | Gained mutation: A weak demonic guardian rushes to your
                  | aid. [demonic ancestry]
  3584 | D:4      | Reached XP level 5. HP: 10/37 MP: 2/10
  3586 | D:4      | Killed an ogre
  3587 | D:4      | Reached skill level 1 in Evocations
  3700 | D:4      | Noticed an ogre
  3707 | D:4      | Killed an ogre
  3708 | D:4      | Gained mutation: You sometimes gain power by taking damage.
                  | [demonic ancestry]
  3708 | D:4      | Reached XP level 6. HP: 44/44 MP: 6/11
  3819 | D:4      | Noticed Sigmund
  3835 | D:4      | Killed Sigmund
  3836 | D:4      | Reached skill level 4 in Spellcasting
  3836 | D:4      | Reached XP level 7. HP: 50/50 MP: 9/13
  4347 | D:5      | Entered Level 5 of the Dungeon
  4347 | D:5      | Noticed Pikel
  4366 | D:5      | Killed Pikel
  4367 | D:5      | Gained mutation: A demonic guardian rushes to your aid.
                  | [demonic ancestry]
  4367 | D:5      | Reached XP level 8. HP: 27/57 MP: 13/15
  4575 | D:5      | Reached skill level 5 in Spellcasting
  4932 | D:5      | Killed from afar by an acid dragon

Illustrated notes

Levels and vault maps discovered:
D:1:      psy_arrival_heroes, layout_loops_ring, nrook_loot_triangle,
          minmay_tromino_v4_b
D:2:      layout_basic, serial_shops, nicolae_lakefront_shop, basic_altar,
          hellmonk_ecumenical_altar_slurped_away, serial_curves, eino_curves_04,
          eino_curves_03, eino_curves_04
D:3:      layout_basic, nicolae_ru_awakened_eye, uniq_terence
D:4:      layout_cave_pools, uniq_sigmund, uniq_robin
D:5:      layout_gridville, temple_hall, uniq_pikel

Skill      XL: |  1  2  3  4  5  6  7  8 |
---------------+-------------------------+-----
Translocations | 1 2 3 |  3.0
Stealth        | 2 3 |  3.7
Dodging        | 2 3 |  3.4
Fighting       | 1 2 |  2.9
Conjurations   | 2 3 4 |  4.6
Summonings     | 2 3 |  3.2
Evocations     | 1 2 |  2.7
Spellcasting   | 4 5 |  5.2

Action                   |  1- 3 |  4- 6 |  7- 9 || total
-------------------------+-------+-------+-------++-------
Melee: Dagger            |   104 |       |       ||   104
       Whip              |       |    20 |    79 ||    99
 Fire: Sling             |    11 |    25 |       ||    36
 Cast: Magic Dart        |    53 |    40 |    22 ||   115
       Call Imp          |     2 |     4 |       ||     6
Evoke: Wand              |       |     9 |     8 ||    17
  Use: Scroll            |       |     5 |     2 ||     7
       Potion            |       |       |     1 ||     1
 Stab: Sleeping          |     1 |       |     1 ||     2
       Paralysed         |       |       |     2 ||     2
Armor: Robe              |    40 |    21 |    21 ||    82
Dodge: Dodged            |    82 |    30 |    48 ||   160

Table legend: (Time is in decaauts)
 A = Elapsed time spent in this place.
 B = Non-inter-level travel time spent in this place.
 C = Inter-level travel time spent in this place.
 D = Time resting spent in this place.
 E = Time spent auto-exploring this place.
 F = Levels seen in this place.
 G = Mean time per level.
                   A        B        C        D        E       F      G
               +--------+--------+--------+--------+--------+-----+--------+
         Total |   4954 |   4747 |    207 |    388 |   3268 |   5 |  990.8 |
       Dungeon |   4954 |   4747 |    207 |    388 |   3268 |   5 |  990.8 |
               +--------+--------+--------+--------+--------+-----+--------+

Top non-repeatable levels by time:
     D:3: 1270 daAuts
     D:1: 1260 daAuts
     D:2: 952 daAuts
     D:4: 881 daAuts
     D:5: 590 daAuts
